 Dungeon Crawl Stone Soup version 0.26-a0-597-gb535b0901c (webtiles) character file.

Game seed: 17589823440955841388

6614 Cokeysmoke the Covert (level 10, 0/44 HPs)
             Began as a Spriggan Enchanter on Sept 9, 2020.
             Was a Believer of Dithmenos.
             Slain by Gastronok (2 damage)
             ... on level 10 of the Dungeon.
             The game lasted 00:39:57 (9589 turns).

Cokeysmoke the Covert (Spriggan Enchanter)          Turns: 9589, Time: 00:39:58

Health: 0/44       AC:  9    Str:  4    XL:     10   Next: 72%
Magic:  18/19      EV: 27    Int: 18    God:    Dithmenos [**....]
Gold:   521        SH:  0    Dex: 17    Spells: 8/20 levels left

rFire    . . .     SeeInvis +   a - +3 dagger
rCold    . . .     Faith    .   (shield restricted)
rNeg     . . .     Spirit   .   K - +1 steam dragon scales
rPois    .         Reflect  .   (helmet restricted)
rElec    .         Harm     .   v - +2 cloak
rCorr    .                      (gloves unavailable)
MR       +....                  (boots unavailable)
Stlth    +++++++++.             f - amulet of magic regeneration
HPRegen  0.14/turn              l - ring of wizardry
MPRegen  0.41/turn              t - ring of stealth

@: slowed, wreathed by umbra, quick
A: very small, unfitting armour, see invisible, clumsy 1, speed 3, evolution 1
a: Shadow Step, Renounce Religion


You were on level 10 of the Dungeon.
You worshipped Dithmenos.
Dithmenos was pleased with you.
You visited 2 branches of the dungeon, and saw 10 of its levels.
You also visited: Bailey.

You collected 521 gold pieces.

Inventory:

Hand Weapons
 a - a +3 dagger (weapon)
 b - a +0 rapier
 c - a +0 shortbow
 E - a +0 hunting sling
 F - a +2 short sword of electrocution
 G - the +5 whip "Plog" {flame, rF++ Int+4 Dex+3 Stlth+}
   (You found it on level 10 of the Dungeon)

   It has been specially enchanted to burn those struck by it, causing extra
   injury to most foes and up to half again as much damage against particularly
   susceptible opponents.
   It affects your intelligence (+4).
   It affects your dexterity (+3).
   It greatly protects you from fire.
   It makes you more stealthy.
 J - a +2 vorpal falchion
Missiles
 k - 30 poisoned darts
 o - 97 sling bullets
 w - 118 arrows
 N - 2 boomerangs of dispersal (quivered)
Armour
 v - a +2 cloak (worn)
 K - +1 steam dragon scales (worn)
Jewellery
 f - an amulet of magic regeneration (around neck)
 l - a ring of wizardry (left hand)
 t - a ring of stealth (right hand)
 u - a +6 ring of intelligence
 x - a +6 ring of intelligence
 B - an uncursed amulet of faith
 D - an uncursed amulet of regeneration
Wands
 n - a wand of digging (3)
 H - a wand of polymorph (9)
 I - a wand of acid (8)
 M - a wand of iceblast (8)
Scrolls
 h - 2 scrolls of fog
 i - 6 scrolls of amnesia
 p - a scroll of fear
 s - 5 scrolls of teleportation
 y - 2 scrolls of immolation
 z - 5 scrolls of remove curse
 C - a scroll of enchant weapon {unknown}
 L - 2 scrolls of acquirement {unknown}
Potions
 d - 2 potions of curing
 e - 2 potions of mutation
 g - a potion of degeneration {unknown}
 j - a potion of heal wounds {unknown}
 m - 2 potions of resistance {unknown}
 q - 2 potions of haste {unknown}
 r - a potion of stabbing {unknown}
 A - a potion of experience {unknown}
 O - a potion of lignification {unknown}


   Skills:
 - Level 10.0 Short Blades
 + Level 11.0 Dodging
 + Level 14.9 Stealth
 + Level 5.5 Spellcasting
 + Level 6.0 Hexes
 - Level 1.0 Ice Magic


You had 8 spell levels left.
You knew the following spells:

 Your Spells              Type           Power        Failure   Level
a - Corona                Hex            ####...      1%          1
b - Ensorcelled Hibernat  Hex/Ice        ###...       1%          2
c - Confusing Touch       Hex            ####....     1%          3
d - Tukima's Dance        Hex            ####....     1%          3
e - Dazzling Flash        Conj/Hex       ###...       4%          3

Your spell library contained the following spells:

 Spells                   Type           Power        Failure   Level
 Beastly Appendage        Tmut           #.....       5%          1
 Wereblood                Tmut           #.......     8%          2
 Gell's Gravitas          Tloc           #.........   16%         3
 Spider Form              Tmut/Pois      #.........   16%         3
 Metabolic Englaciation   Hex/Ice        ###.......   32%         5
 Yara's Violent Unravell  Hex/Tmut       ###.......   36%         5
 Ice Form                 Ice/Tmut       #.......     38%         4
 Petrify                  Tmut/Erth      #.......     43%         4
 Blade Hands              Tmut           #.........   77%         5


Dungeon Overview and Level Annotations

Branches:
Dungeon (8/15)             Temple (1/1) D:5            Lair (0/6) D:10
 Bailey (visited)

Altars:
Ashenzari
Cheibriados
Dithmenos
Elyvilon
Fedhas
Gozag
Hepliaklqana
Kikubaaqudgha
Makhleb
Nemelex Xobeh
Okawaru
Qazlal
Ru
Sif Muna
Uskayaw
Vehumet
Wu Jian
Xom
Yredelemnul
The Shining One

Shops:
D:6 [

Annotations:
D:10 Gastronok


Innate Abilities, Weirdness & Mutations

You are very small and have problems with some larger weapons.
You are too small for most types of armour.
You have supernaturally acute eyesight. (SInv)
You cover ground extremely quickly.
You are clumsy. (Dex -2)
You evolve.


Message History

Gastronok waves his eye-stalks in wide circles.
The air twists around and strikes you!
* * * LOW HITPOINT WARNING * * *
It was a potion of mutation.
You feel extremely strange.
You feel clumsy.
You feel nature experimenting on you.
Don't worry, failures die fast.
You hit Gastronok.
Gastronok is almost dead.
Gastronok chants a spell, wobbling all the while.
Gastronok puts on a burst of speed!
Casting: Ensorcelled Hibernation (safe; 1% risk of failure)
Confirm with . or Enter, or press ? or * to list all spells.
Aiming: Ensorcelled Hibernation (safe; 1% risk of failure)
Press: ? - help, Shift-Dir - straight line, f/p - Gastronok
Aim: Gastronok, wearing a +0 hat (almost dead, covering ground quickly, umbra, chance to defeat MR: 7%) Gastronok resists with almost no effort.
You hit Gastronok.
Gastronok is almost dead.
Gastronok bites you.
You die...

######
######+######
.....###
#.....w....W#
.......#
#.....@.....+
†....#
+...........#
.....#
#...........#
.....#
#########'###
#.#### #.#
..# #.## ###
#..# # ##.#
###### #.#


You could see Gastronok (swift) and a wraith (dormant).

Vanquished Creatures
  2 two-headed ogres
  Nergalle (D:10)
  An orc knight (Bailey)
  Maggie (D:6)
  A wyvern (D:10)
  Eustachio (D:6)
  A basilisk (D:10)
  A water moccasin (D:5)
  A swamp drake (D:10)
  13 orc warriors
  A sky beast (D:10)
  An ice beast (D:7)
  5 ogres
  5 centaurs
  3 crocodiles (D:10)
  A bullfrog (D:6)
  A scorpion (D:4)
  A howler monkey (D:4)
  A jelly (D:5)
  An orc priest (D:5)
  3 orc wizards
  2 hounds
  A bullfrog skeleton (D:6)
  2 iguanas
  7 worker ants
  2 hound skeletons
  A hound zombie (D:10)
  A worker ant zombie (D:6)
  4 gnolls (D:3)
  11 adders
  A shadow imp (D:5)
  A white imp (D:5)
  2 oozes
  An adder zombie (D:7)
  2 adder skeletons
  4 worms
  5 dart slugs (D:1)
  A leopard gecko (D:5)
  49 orcs
  2 giant cockroaches (D:2)
  7 goblins
  8 hobgoblins
  22 jackals
  3 quokkas
  7 bats
  5 frilled lizards
  10 kobolds
  A leopard gecko skeleton (D:4)
  8 rats
216 creatures vanquished.

Vanquished Creatures (others)
  4 plants (D:2)
4 creatures vanquished.

Grand Total: 220 creatures vanquished

Notes
Turn   | Place    | Note
-------+----------+-------------------------------------------
     0 | D:1      | Cokeysmoke the Spriggan Enchanter began the quest for the
                  | Orb.
     0 | D:1      | Reached XP level 1. HP: 9/9 MP: 5/5
   654 | D:1      | Reached XP level 2. HP: 13/13 MP: 6/6
   810 | D:1      | Reached skill level 5 in Stealth
  1010 | D:1      | Reached XP level 3. HP: 14/16 MP: 6/8
  1092 | D:1      | Learned a level 2 spell: Ensorcelled Hibernation
  1096 | D:1      | Learned a level 3 spell: Confusing Touch
  2370 | D:2      | Reached XP level 4. HP: 11/21 MP: 4/9
  2510 | D:2      | Learned a level 3 spell: Tukima's Dance
  2762 | D:2      | Found a faded altar of an unknown god.
  3544 | D:3      | Reached skill level 6 in Stealth
  3595 | D:3      | Reached XP level 5. HP: 15/24 MP: 1/10
  3818 | D:3      | Noticed a centaur
  3824 | D:3      | Killed a centaur
  3824 | D:3      | Reached skill level 7 in Stealth
  4138 | D:3      | Reached XP level 6. HP: 28/28 MP: 11/11
  4646 | D:4      | Reached skill level 5 in Dodging
  4655 | D:4      | Reached skill level 8 in Stealth
  4790 | D:4      | Reached skill level 5 in Short Blades
  4790 | D:4      | Reached XP level 7. HP: 32/32 MP: 12/12
  5307 | D:5      | Entered Level 5 of the Dungeon
  5412 | D:5      | Reached skill level 9 in Stealth
  5781 | D:5      | Found a staircase to the Ecumenical Temple.
  5797 | Temple   | Entered the Ecumenical Temple
  6161 | D:5      | Noticed a -1 dagger
  6162 | D:5      | Noticed a +0 hand axe
  6164 | D:5      | Found a hide-covered altar of Uskayaw.
  6459 | D:5      | Reached XP level 8. HP: 36/36 MP: 13/13
  6780 | D:6      | Reached skill level 10 in Stealth
  6852 | D:6      | Found a snail-covered altar of Cheibriados.
  6888 | D:6      | Found Jisumaz's Antique Armour Shop.
  6898 | D:6      | Noticed Eustachio
  6909 | D:6      | Killed Eustachio
  6931 | D:6      | Noticed Maggie
  6935 | D:6      | Killed Maggie
  6935 | D:6      | Reached skill level 11 in Stealth
  7241 | D:6      | Found a shadowy altar of Dithmenos.
  7247 | D:6      | Became a worshipper of Dithmenos the Shadowed
  7256 | D:6      | Found an ancient bone altar of Kikubaaqudgha.
  7699 | D:7      | Reached XP level 9. HP: 39/39 MP: 14/14
  7748 | D:7      | Reached skill level 12 in Stealth
  7799 | D:7      | Reached * piety under Dithmenos
  8078 | D:8      | Noticed a two-headed ogre
  8085 | D:8      | Killed a two-headed ogre
  8085 | D:8      | Reached skill level 13 in Stealth
  8188 | D:8      | You fall into a shaft and drop 2 floors!
  8188 | D:10     | Entered Level 10 of the Dungeon
  8194 | D:10     | Found a flagged portal.
  8204 | Bailey   | Entered a bailey
  8455 | Bailey   | Noticed an orc knight
  8892 | Bailey   | Reached skill level 10 in Short Blades
  8892 | Bailey   | Reached skill level 14 in Stealth
  8892 | Bailey   | Reached XP level 10. HP: 19/44 MP: 8/15
  9074 | Bailey   | Learned a level 3 spell: Dazzling Flash
  9163 | Bailey   | Killed an orc knight
  9251 | D:10     | Noticed a two-headed ogre
  9258 | D:10     | Killed a two-headed ogre
  9258 | D:10     | Reached skill level 10 in Dodging
  9258 | D:10     | Reached skill level 5 in Hexes
  9268 | D:10     | Reached ** piety under Dithmenos
  9347 | D:10     | Found a staircase to the Lair.
  9348 | D:10     | Reached skill level 5 in Spellcasting
  9415 | D:10     | Got a shimmering whip
  9416 | D:10     | Identified the +5 whip "Plog" {flame, rF++ Int+4 Dex+3
                  | Stlth+} (You found it on level 10 of the Dungeon)
  9542 | D:10     | Noticed Nergalle
  9546 | D:10     | Killed Nergalle
  9546 | D:10     | Reached skill level 1 in Ice Magic
  9563 | D:10     | Noticed Gastronok
  9585 | D:10     | HP: 1/44 [Gastronok/the air (17)]
  9586 | D:10     | Gained mutation: You are clumsy. (Dex -2) [potion of
                  | mutation]
  9586 | D:10     | Gained mutation: You evolve. [potion of mutation]
  9589 | D:10     | Slain by Gastronok

Illustrated notes

Levels and vault maps discovered:
D:1:      ebering_trefoil_twist, layout_basic, minmay_misc_feat_encased,
          hex_medium
D:2:      layout_loops_ring, chequers_ecumenical_altar_lobes
D:3:      layout_loops_corners
D:4:      layout_gridville
D:5:      layout_loops_ring, dancing_weapons_uskayaw, minmay_temple_entry_waves
D:6:      layout_loops_cross, slow_altar_1, amethyst_overflow_temple_binary,
          serial_shops, shop, uniq_maggie, uniq_eustachio
D:7:      layout_basic
D:8:      layout_basic, zin_treasury, nicolae_overflow_crystal_walls,
          chequers_jeans, uniq_joseph
D:10:     layout_roguey, erik_lair_dragon, enter_bailey_3, uniq_gastronok,
          uniq_nergalle, uniq_grum
Temple:   nicolae_temple_elliptical

Skill      XL: |  1  2  3  4  5  6  7  8  9 10 |
---------------+-------------------------------+-----
Stealth        | 5 6 7 8 9 11 14 | 14.9
Short Blades   | 2 3 4 5 6 8 10 | 10.0
Spellcasting   | 3 5 |  5.5
Hexes          | 4 6 |  6.0
Dodging        | 4 5 6 7 9 11 | 11.0
Ice Magic      | 1 |  1.0

Action                   |  1- 3 |  4- 6 |  7- 9 | 10-12 || total
-------------------------+-------+-------+-------+-------++-------
Melee: Dagger            |   264 |   119 |   406 |    61 ||   850
       Rapier            |     3 |       |       |       ||     3
 Cast: Corona            |    15 |     4 |     5 |     1 ||    25
       Ensorcelled Hiber |     5 |    54 |    88 |    17 ||   164
       Tukima's Dance    |       |       |     4 |     2 ||     6
       Confusing Touch   |       |       |     3 |       ||     3
  Use: Scroll            |     1 |     2 |    10 |       ||    13
       Potion            |       |       |     1 |     1 ||     2
 Stab: Sleeping          |    12 |    39 |    73 |    18 ||   142
       Confused          |       |       |     1 |       ||     1
Armor: Robe              |    35 |    15 |    17 |       ||    67
       Steam dragon scal |       |       |    33 |     1 ||    34
Dodge: Dodged            |   222 |   113 |   325 |    28 ||   688

Table legend: (Time is in decaauts)
 A = Elapsed time spent in this place.
 B = Non-inter-level travel time spent in this place.
 C = Inter-level travel time spent in this place.
 D = Time resting spent in this place.
 E = Time spent auto-exploring this place.
 F = Levels seen in this place.
 G = Mean time per level.
                   A        B        C        D        E       F      G
               +--------+--------+--------+--------+--------+-----+--------+
         Total |   7380 |   7272 |    108 |   2165 |   3363 |  11 |  670.9 |
       Dungeon |   6308 |   6208 |    100 |   1735 |   3083 |   9 |  700.9 |
        Temple |    134 |    126 |      8 |      0 |     71 |   1 |  134.0 |
        Bailey |    937 |    937 |      0 |    429 |    208 |   1 |  937.0 |
               +--------+--------+--------+--------+--------+-----+--------+

Top non-repeatable levels by time:
     D:2: 1219 daAuts
     D:1: 1190 daAuts
     D:3: 1133 daAuts
     D:5: 957 daAuts
  Bailey: 937 daAuts
     D:4: 592 daAuts
     D:6: 559 daAuts
     D:7: 309 daAuts
    D:10: 261 daAuts
  Temple: 134 daAuts
     D:8: 85 daAuts
